Map: New Repugnancy LE

Players

Norpix

  • Race: Zerg Zerg
  • League: Platinum
  • Spawn Location: 7:00

CraZyJ - Winner!

  • Race: Terran Terran
  • League: Diamond
  • Spawn Location: 1:00

VOD

Have the link to the VOD?

Description

Time

  • Played on: Feb. 8, 2019, 10:28 a.m.
  • Length: 11:34
Show
View Real Time Build Order
Export as new Build Order

Norpix Zerg 

Build Orders: Hatch First 

Get SALT Encoding   

  12  0:01  Drone  
  13  0:12  Overlord  
  13  0:17  Drone  
  14  0:30  Drone x2  
  14  0:34  Drone  
  17  0:54  Hatchery  
  17  0:55  Drone  
  17  0:59  Drone  
  18  1:09  Extractor  
  17  1:14  Spawning Pool  
  17  1:18  Drone  
  17  1:21  Drone  
  18  1:28  Drone  
  19  1:39  Drone  
  20  1:51  Overlord  
  20  2:01  Queen  
  20  2:07  Zergling x4  
  20  2:08  Queen  
  26  2:14  Drone  
  27  2:21  Drone  
  28  2:23  Metabolic Boost  
  28  2:35  Drone x3  
  31  2:47  Drone x2  
  33  2:56  Overlord x2  
  33  3:00  Drone  
  34  3:08  Drone  
  35  3:15  Queen  
  35  3:16  Roach Warren  
  36  3:37  Overlord  
  36  3:38  Overlord  
  36  3:50  Drone x6  
  42  4:04  Evolution Chamber  
  42  4:08  Evolution Chamber  
  40  4:14  Drone x6  
  46  4:22  Lair  
  46  4:25  Hatchery  
  46  4:26  Overlord x3  
  45  4:38  Extractor  
  45  4:39  Drone x3  
  45  4:40  Extractor  
  45  4:42  Drone  
  47  4:49  Drone  
  47  4:51  Drone  
  49  4:58  Zerg Missile Weapons Level 1  
  49  4:59  Zerg Ground Armor Level 1  
  49  5:02  Roach x4  
  57  5:19  Overseer  
  57  5:21  Overseer  
  57  5:23  Overseer  
  57  5:29  Drone  
  57  5:30  Drone x4  
  62  5:42  Queen  
  64  5:46  Drone  
  64  5:48  Drone  
  64  5:49  Spore Crawler, Extractor  
  64  5:53  Roach x2  
  68  5:59  Queen  
  60  6:13  Roach  
  60  6:14  Roach x10  
  80  6:37  Spawning Pool  
  75  7:03  Drone x8  
  75  7:04  Drone x5  
  75  7:07  Zerg Missile Weapons Level 2  
  88  7:15  Glial Reconstitution  
  88  7:20  Hydralisk Den  
  88  7:21  Drone  
  88  7:24  Drone x2  
  88  7:28  Overlord x3  
  90  7:45  Overlord  
  90  7:46  Overlord x2  
  90  7:52  Extractor  
  90  7:53  Extractor  
  90  7:54  Zerg Ground Armor Level 2  
  90  7:56  Hydralisk  
  90  7:57  Hydralisk x7  
  104  8:11  Zergling x2  
  104  8:12  Zergling x10  
  82  8:35  Roach  
  82  8:36  Roach x8  
  100  8:52  Roach x7  
  107  9:09  Grooved Spines  
  107  9:12  Overseer  
  105  9:22  Hydralisk x4  
  112  9:24  Roach  
  112  9:26  Zergling x2  
  112  9:27  Zergling x8  
  76  9:59  Hydralisk x3  
  68  10:00  Hydralisk x6  
  68  10:02  Roach  
  78  10:07  Zergling x2  
  78  10:08  Zergling x10  
  84  10:14  Spine Crawler  
  84  10:15  Spine Crawler  
  84  10:19  Zergling x10  
  84  10:20  Muscular Augments  
  87  10:25  Baneling Nest  
  59  10:38  Zergling x2  
  59  10:39  Zergling x12  
  49  10:46  Roach  
  51  11:01  Nydus Network  
  51  11:02  Roach  
  51  11:03  Roach x4  
  57  11:08  Baneling  
  57  11:09  Baneling x8, Hydralisk  
  57  11:10  Hydralisk x3  
Show
View Real Time Build Order
Export as new Build Order

CraZyJ Terran - Winner!

Build Orders:  

Get SALT Encoding   

  12  0:02  SCV  
  13  0:14  SCV  
  14  0:19  Supply Depot  
  14  0:26  SCV  
  15  0:41  Barracks  
  15  0:46  SCV  
  15  0:47  Refinery  
  16  0:58  SCV  
  17  1:10  SCV  
  18  1:23  SCV  
  19  1:32  Reaper  
  20  1:35  SCV  
  21  1:42  Command Center  
  21  1:53  Orbital Command  
  21  2:06  Marine  
  22  2:10  Factory  
  22  2:15  Refinery  
  22  2:21  SCV  
  23  2:25  Supply Depot  
  23  2:44  Barracks Reactor  
  23  2:48  SCV  
  24  3:00  SCV  
  24  3:01  Factory Tech Lab  
  24  3:02  Starport  
  24  3:05  Orbital Command  
  25  3:12  SCV  
  26  3:13  Barracks  
  25  3:38  Siege Tank  
  25  3:39  Marine  
  25  3:40  Marine  
  30  3:42  Starport Reactor  
  30  3:50  SCV x2  
  30  3:51  Supply Depot  
  30  3:52  Supply Depot  
  32  4:02  Marine x2, SCV  
  35  4:03  SCV  
  35  4:05  Barracks Tech Lab  
  36  4:14  SCV, Supply Depot  
  36  4:15  SCV  
  36  4:17  Engineering Bay  
  38  4:20  Supply Depot  
  38  4:25  Marine x2  
  38  4:27  Stimpack  
  40  4:36  Medivac  
  42  4:39  Medivac  
  42  4:42  Marine  
  42  4:43  Marine  
  42  4:44  Supply Depot  
  46  4:52  Terran Infantry Weapons Level 1  
  46  4:55  Marine  
  46  4:57  SCV  
  46  4:58  SCV  
  49  5:00  Marine x2  
  51  5:12  Marine  
  52  5:18  Refinery  
  52  5:26  SCV x2  
  54  5:34  Barracks  
  54  5:35  Barracks  
  54  5:38  SCV x2  
  54  5:39  Barracks  
  56  5:50  SCV x2  
  58  6:02  SCV x2  
  59  6:14  SCV  
  59  6:15  SCV  
  61  6:20  Marine  
  61  6:21  Marine x2  
  61  6:22  Siege Tank  
  61  6:23  Medivac x2  
  71  6:26  SCV  
  71  6:27  SCV  
  71  6:28  Combat Shield  
  73  6:38  Marine x3, SCV  
  73  6:39  SCV  
  73  6:54  Siege Tank  
  73  6:56  Marine x3  
  79  7:01  Refinery  
  79  7:14  Marine, Barracks Reactor x2  
  79  7:15  Command Center, Barracks Tech Lab  
  80  7:16  Marauder  
  80  7:17  Marine, Refinery  
  80  7:20  Medivac  
  85  7:31  Marine  
  85  7:35  Supply Depot x2  
  86  7:47  Concussive Shells  
  86  7:56  Marine x4  
  86  7:57  Siege Tank  
  93  8:14  Marine x4  
  92  8:29  Siege Tank  
  92  8:32  Marine x4  
  93  8:50  Marine x8  
  93  8:52  Medivac x2  
  105  9:01  Siege Tank  
  105  9:07  Marine  
  105  9:08  Marine x4, Marauder x2  
  114  9:24  Marine  
  106  9:25  Marine x2  
  106  9:26  Marine x3  
  106  9:29  Marine x2  
  110  9:33  Siege Tank  
  110  9:34  Medivac x2  
  117  9:45  Unknown  
  117  9:48  Marine  
  117  9:51  Marine x3  
  117  9:57  Marine x3  
  117  10:00  Marine  
  117  10:13  Orbital Command  
  117  10:14  Supply Depot  
  117  10:22  Marine  
  117  10:33  Supply Depot  
  117  10:34  Supply Depot  
  117  10:35  Marine x5  
  117  10:36  Marine x2, Siege Tank  
  117  10:37  Supply Depot  
  117  10:40  Marine  
  117  10:52  Marine  
  117  10:53  Marine x4  
Tags
 
Add a new tag
Caveats
  • Supply blocks, unpowered buildings, or Contaminate may cause inaccurate times.
  • Supply counts are checked every 10 seconds.